 Dungeon Crawl Stone Soup version 0.21-a0-286-g6fcecc0 (webtiles) character file.

30 Ijustatesigmund the Shield-Bearer (level 3, -3/26 HPs)
             Began as an Octopode Fighter on Sept 26, 2017.
             Killed from afar by a white imp (10 damage)
             ... with a puff of frost
             ... summoned by Natasha
             ... on level 2 of the Dungeon.
             The game lasted 00:01:38 (818 turns).

Ijustatesigmund the Shield-Bearer (Octopode Fighter) Turns: 818, Time: 00:01:39

Health: -3/26      AC:  1    Str: 15    XL:     3   Next: 18%
Magic:  3/3        EV: 18    Int: 10    God:
Gold:   23         SH: 11    Dex: 22    Spells: 2/2 levels left

rFire    . . .     SeeInvis .   a - +0 flail
rCold    . . .     Gourm    .   b - +1 shield
rNeg     . . .     Faith    .   (helmet restricted)
rPois    .         Spirit   .   k - amulet of inaccuracy (curse)
rElec    .         Reflect  .   e - +5 ring of dexterity
rCorr    .         Harm     .   (no ring)
MR       .....                  (no ring)
Stlth    ++++......             (no ring)
HPRegen  0.08/turn              (no ring)
MPRegen  0.08/turn              (no ring)
                                (no ring)
                                (no ring)

@: agile
A: almost no armour, stealthy swim, amphibious, 8 rings, constrict 8, camouflage
1, gelatinous body 1
a: no special abilities


You were on level 2 of the Dungeon.
You were not hungry.

You visited 1 branch of the dungeon, and saw 2 of its levels.

You collected 23 gold pieces.

Inventory:

Hand Weapons
 a - a +0 flail (weapon)
Armour
 b - a +1 shield (worn)
Jewellery
 e - a +5 ring of dexterity (left tentacle)
 h - an uncursed ring of fire
 k - a cursed amulet of inaccuracy (around mantle)
Scrolls
 f - a scroll of magic mapping
Potions
 c - a potion of might
 g - a potion of flight
 i - a potion of ambrosia
Comestibles
 d - 3 bread rations


   Skills:
 + Level 3.3 Fighting
 * Level 2.9 Maces & Flails
 - Level 3.0 Dodging
 + Level 3.3 Shields


You had 2 spell levels left.
You didn't know any spells.

Dungeon Overview and Level Annotations

Branches:
Dungeon (2/15)

Altars:

Annotations:
D:2 Natasha


Innate Abilities, Weirdness & Mutations

You cannot wear most types of armour.
You are very stealthy in the water. (Stealth+)
You are amphibious.
You can wear up to eight rings at the same time.
You can use your tentacles to constrict eight enemies at once.
Your skin changes colour to match your surroundings (Stealth+).
Your rubbery body absorbs attacks. (AC +1, EV +1)


Message History

Natasha is moderately wounded.
You constrict Natasha. Natasha claws you. Natasha claws you!
* * * LOW HITPOINT WARNING * * *
You are too injured to fight recklessly!
You are too injured to fight recklessly!
You are too injured to fight recklessly!
You are too injured to fight recklessly!
You are too injured to fight recklessly!
You are too injured to fight recklessly!
You are too injured to fight recklessly!
You are too injured to fight recklessly!
You are too injured to fight recklessly!
You are too injured to fight recklessly!
You are too injured to fight recklessly!
It was a potion of agility.
You feel agile all of a sudden.
You constrict Natasha. The white imp gestures at you.
The puff of frost hits you!
You die...

......[####.########.#
...............##.#
.#..####.#####....#
.....# #.# #.####
#######.###.########
+...................
#######.###.########
+....†..# #.#
##....@.# #.#
#.....h5##.#
#.....#.##.#
##....#.##.#
......#.##.#
.......#.. ........# .
...#...$#


You could see Natasha and a white imp.

Vanquished Creatures
  An ooze (D:2)
  A dart slug (D:1)
  2 leopard geckos
  A giant cockroach (D:1)
  2 goblins (D:1)
  2 hobgoblins (D:1)
  2 jackals (D:1)
  3 kobolds
  A ball python (D:1)
  A bat (D:1)
  3 frilled lizards (D:1)
  A rat (D:1)
20 creatures vanquished.

Notes
Turn   | Place    | Note
-------+----------+-------------------------------------------
     0 | D:1      | Ijustatesigmund the Octopode Fighter began the quest for the Orb.
     0 | D:1      | Reached XP level 1. HP: 16/16 MP: 1/1
   173 | D:1      | Reached XP level 2. HP: 15/21 MP: 2/2
   767 | D:2      | Reached XP level 3. HP: 26/26 MP: 3/3
   812 | D:2      | Noticed Natasha
   818 | D:2      | Killed from afar by a white imp

Vault maps used:
D:1:      ncdulo_lavacross
D:2:      lemuel_round_altar, elyvilon_altar_5, first_bread, uniq_natasha

Action                   || total
-------------------------++-------
Melee: Flail             ||    37
       Constrict         ||    10
       Tentacles         ||     6
  Use: Scroll            ||     7
       Potion            ||     1
 Stab: Sleeping          ||     4
Armor: Skin              ||     1
Dodge: Dodged            ||    18
Block: Shield            ||    23

Table legend:
 A = Spawn XP
 B = Non-spawn XP
 C = Spawn XP percentage of total XP
 D = Spawn monster count
 E = Non-spawn monster count
 F = Spawn count percentage of total count
 G = Total turns spent on level
                    A         B        C        D         E        F      G
               +---------+---------+-------+---------+---------+-------+---------
         Total |       0 |      43 |   0.0 |       0 |      20 |   0.0 |   818
               +---------+---------+-------+---------+---------+-------+---------
           D:1 |       0 |      31 |   0.0 |       0 |      17 |   0.0 |   764
           D:2 |       0 |      12 |   0.0 |       0 |       3 |   0.0 |    54
               +---------+---------+-------+---------+---------+-------+---------
